 Dungeon Crawl Stone Soup version 0.31-a0-208-gdb31a4691d (webtiles) character file.

Game seed: 7001541084774887070

18 Anon1729 the Cutter (level 2, -3/22 HPs)
             Began as a Demonspawn Gladiator on June 28, 2023.
             Slain by a hobgoblin (4 damage)
             ... on level 1 of the Dungeon.
             The game lasted 00:00:17 (828 turns).

Anon1729 the Cutter (Demonspawn Gladiator)           Turns: 828, Time: 00:00:17

Health: -3/22      AC:  3    Str: 14    XL:     2   Next: 48%
Magic:  2/2        EV: 12    Int:  9    God:
Gold:   45         SH:  0    Dex: 14    Spells: 1/1 levels left

rFire   . . .        a - +0 rapier
rCold   . . .        (no shield)
rNeg    . . .        b - +0 leather armour
rPois   .            (helmet restricted)
rElec   .            (no cloak)
rCorr   .            (no gloves)
SInv    .            (no boots)
Will    .....        (no amulet)
Stlth   +            (no ring)
HPRegen 0.23/turn    (no ring)
MPRegen 0.08/turn

%: no passive effects
@: no status effects
A: antennae 1
a: no special abilities


You were on level 1 of the Dungeon.
You visited 1 branch of the dungeon, and saw 2 of its levels.

You collected 45 gold pieces.

Inventory:

Hand Weapons
 a - a +0 rapier (weapon)
Missiles
 d - 3 throwing nets (quivered)
 e - a javelin
Armour
 b - a +0 leather armour (worn)
 c - a +0 helmet
Jewellery
 f - a +5 ring of evasion
Scrolls
 g - a scroll of fear {unknown}
 h - 3 scrolls of identify {unknown}
 i - a scroll of teleportation {unknown}
 j - a scroll of revelation {unknown}
 l - a scroll of enchant armour {unknown}
Potions
 k - a potion of attraction {unknown}


   Skills:
 + Level 2.2 Fighting
 + Level 2.9 Short Blades
 - Level 1.7 Throwing
 + Level 0.6 Armour
 + Level 2.8 Dodging
 + Level 1.1 Invocations


You had one spell level left.
You didn't know any spells.
Your spell library contained the following spells:

 Spells                   Type           Power      Damage    Failure   Level
 Portal Projectile        Hex/Tloc       0%         N/A       83%         3
 Tukima's Dance           Hex            0%         N/A       83%         3
 Blade Hands              Tmut           0%         N/A       100%        5


Dungeon Overview and Level Annotations

Branches:
Dungeon (2/15)

Altars:


Innate Abilities, Weirdness & Mutations

You have a pair of small antennae on your head.


Message History

You are too injured to fight recklessly!
You are too injured to fight recklessly!
You are too injured to fight recklessly!
You are too injured to fight recklessly!
You are too injured to fight recklessly!
You are too injured to fight recklessly!
You are too injured to fight recklessly!
You are too injured to fight recklessly!
You are too injured to fight recklessly!
You are too injured to fight recklessly!
You are too injured to fight recklessly!
You are too injured to fight recklessly!
You are too injured to fight recklessly!
You are too injured to fight recklessly!
You are too injured to fight recklessly!
You are too injured to fight recklessly!
You are too injured to fight recklessly!
You are too injured to fight recklessly!
You are too injured to fight recklessly!
You are too injured to fight recklessly!
You are too injured to fight recklessly!
You are too injured to fight recklessly!
You are too injured to fight recklessly!
You are too injured to fight recklessly!
You are too injured to fight recklessly!
You are too injured to fight recklessly!
The hobgoblin hits you.
There is a stone staircase leading up here.
The ball python bites you. The ball python completely misses you.
The goblin hits you with a +0 club.
* * * LOW HITPOINT WARNING * * *
The hobgoblin closely misses you.
You climb upwards.
There is a stone staircase leading down here.
You closely miss the goblin.
The goblin is moderately wounded.
The ball python barely misses you. x2; The goblin hits you with a +0 club.
* * * LOW HITPOINT WARNING * * *
The hobgoblin hits you.
You die...

#.......# ## #.......#
#. #.......# #.
#.......# #.
#.......############.
#..................'.
#........##.......##.
##........##.#####.##.
#...S@g..###.## #.###
#.###g###.....# #....
#.# #.# #.##.## ####.
#.# #.# #.##.# #...
#.# #.# #.##.# #.#.
#.# #.# #....######...
#.# #.# ####.....#####
#.###.### #.....#
#.......# #.....#


You could see a hobgoblin, a goblin and a ball python.

Vanquished Creatures
  A dart slug (D:1)
  2 ball pythons (D:1)
  2 bats (D:1)
  A giant cockroach (D:1)
  A goblin (D:1)
  2 jackals (D:1)
  A quokka (D:1)
  2 frilled lizards (D:1)
  2 rats (D:1)
14 creatures vanquished.

Notes
Turn   | Place    | Note
-------+----------+-------------------------------------------
     0 | D:1      | Anon1729 the Demonspawn Gladiator began the quest for the
                  | Orb.
     0 | D:1      | Reached XP level 1. HP: 16/16 MP: 1/1
     2 | D:1      | Noticed a minotaur
     2 | D:1      | Noticed a naga
     4 | D:1      | Noticed a draconian
     4 | D:1      | Noticed an octopode
     6 | D:1      | Noticed an ogre
     6 | D:1      | Noticed a demigod
     8 | D:1      | Noticed an elf
    10 | D:1      | Noticed a tengu
    10 | D:1      | Noticed a demonspawn
    12 | D:1      | Noticed a formicid
    14 | D:1      | Noticed a troll
    14 | D:1      | Noticed a meteoran
    16 | D:1      | Noticed a felid
    16 | D:1      | Noticed a ghoul
    18 | D:1      | Noticed a spriggan
    20 | D:1      | Noticed a merfolk
    20 | D:1      | Noticed an armataur
    22 | D:1      | Noticed a gargoyle
    22 | D:1      | Noticed a vampire
    24 | D:1      | Noticed a vampire
    24 | D:1      | Noticed a vine stalker
    26 | D:1      | Noticed a gargoyle
    26 | D:1      | Noticed a merfolk
   101 | D:1      | Discovered your monstrous ancestry.
   101 | D:1      | Gained mutation: You have a pair of small antennae on your
                  | head. [demonic ancestry]
   101 | D:1      | Reached XP level 2. HP: 14/22 MP: 2/2
   284 | D:1      | Reached skill level 1 in Invocations
   828 | D:1      | HP: 1/22 [goblin/+0 club (4)]
   828 | D:1      | Slain by a hobgoblin

Illustrated notes

Levels and vault maps discovered:
D:1:      kb_arrival_jail, layout_basic, wander_ebering_terrifying_dragon_lair
D:2:      layout_basic, minmay_tromino_v2, uniq_natasha

Skill      XL: |  1  2 |
---------------+-------+-----
Invocations    | 1 |  1.1
Fighting       | |  2.2
Short Blades   | |  2.9
Throwing       | |  1.7
Armour         | |  0.6
Dodging        | |  2.8

Action                     || total
---------------------------++-------
  Melee: Rapier            ||    56
   Stab: Sleeping          ||     1
 Armour: Leather armour    ||    20
  Dodge: Dodged            ||    42

Table legend: (Time is in decaauts)
 A = Elapsed time spent in this place.
 B = Non-inter-level travel time spent in this place.
 C = Inter-level travel time spent in this place.
 D = Time resting spent in this place.
 E = Time spent auto-exploring this place.
 F = Levels seen in this place.
 G = Mean time per level.
                   A        B        C        D        E       F      G
               +--------+--------+--------+--------+--------+-----+--------+
         Total |    832 |    810 |     22 |      0 |    690 |   2 |  416.0 |
       Dungeon |    832 |    810 |     22 |      0 |    690 |   2 |  416.0 |
               +--------+--------+--------+--------+--------+-----+--------+

Top non-repeatable levels by time:
     D:1: 825 daAuts
     D:2: 7 daAuts
